| TOP OF THE 1ST |
|
Minot Jets batting - Pitching for Idaho Falls Spuds : RHP Keith MacWhorter
|
|
Pitching: RHP Keith MacWhorter
|
|
|
Batting: RHB George Ramos
|
0-0: Foul Ball, location: 2F 0-1: Ground out 1-3 (Groundball, 34S)
|
|
Batting: RHB John Denman
|
0-0: Foul Ball, location: 2F 0-1: Ball 1-1: Called Strike 1-2: Foul Ball, location: 2F 1-2: Foul Ball, location: 2F 1-2: Foul Ball, location: 2F 1-2: Ball 2-2: Fly out, F7 (Flyball, 7LD)
|
|
Batting: LHB Doe Boyland
|
0-0: Ball 1-0: Ball 2-0: Swinging Strike 2-1: Ball 3-1: Foul Ball, location: 2F 3-2: Base on Balls
|
|
Batting: LHB Orlando Sanchez
|
0-0: Ball Wild Pitch! Doe Boyland to second 1-0: Ground out 4-3 (Groundball, 4)
|
| Top of the 1st over - 0 runs, 0 hits, 0 errors, 1 left on base; Minot 0 - Idaho Falls 0 |
| BOTTOM OF THE 1ST |
|
Idaho Falls Spuds batting - Pitching for Minot Jets : RHP Jeff Reardon
|
|
Pitching: RHP Jeff Reardon
|
|
|
Batting: RHB Jeff Bertoni
|
0-0: Swinging Strike 0-1: Ball 1-1: Foul Ball, location: 2F 1-2: Strikes out swinging
|
|
Batting: RHB Venson Davis
|
0-0: Swinging Strike 0-1: Ball 1-1: Foul Ball, location: 2F 1-2: Ball 2-2: Ball 3-2: SINGLE (Groundball, 34D)
|
|
Batting: LHB Elijah Bonaparte
|
0-0: Fly out, F8 (Flyball, 8RD)
|
|
Batting: LHB Joe DeSa
|
0-0: Ball 1-0: Ground out 4-3 (Groundball, 34)
|
| Bottom of the 1st over - 0 runs, 1 hit, 0 errors, 1 left on base; Minot 0 - Idaho Falls 0 |
| TOP OF THE 2ND |
|
Minot Jets batting - Pitching for Idaho Falls Spuds : RHP Keith MacWhorter
|
|
Batting: SHB George D Wright
|
0-0: Ground out 1-3 (Groundball, 13S)
|
|
Batting: LHB William Gifford
|
0-0: Ball 1-0: Ball 2-0: Ball 3-0: Base on Balls
|
|
Batting: RHB George Gross
|
0-0: Ball 1-0: Foul Ball, location: 2F 1-1: Ball 2-1: Foul Ball, location: 2F 2-2: Fly out, F8 (Flyball, 78M)
|
|
Batting: LHB Gerald Linnert
|
0-0: Ball 1-0: Ball 2-0: Foul Ball, location: 2F 2-1: Called Strike 2-2: Fly out, F9 (Flyball, 9)
|
| Top of the 2nd over - 0 runs, 0 hits, 0 errors, 1 left on base; Minot 0 - Idaho Falls 0 |
| BOTTOM OF THE 2ND |
|
Idaho Falls Spuds batting - Pitching for Minot Jets : RHP Jeff Reardon
|
|
Batting: SHB Justin Cote
|
0-0: Ball 1-0: Called Strike 1-1: Foul Ball, location: 2F 1-2: SINGLE (Line Drive, 4M)
|
|
Batting: RHB Mike Bishop
|
0-0: Ball 1-0: Called Strike 1-1: Swinging Strike 1-2: Ball 2-2: Strikes out looking
|
|
Batting: LHB Gary Bishop
|
0-0: Grounds into double play, 2-4-3 (Groundball, 2L)
|
| Bottom of the 2nd over - 0 runs, 1 hit, 0 errors, 0 left on base; Minot 0 - Idaho Falls 0 |
| TOP OF THE 3RD |
|
Minot Jets batting - Pitching for Idaho Falls Spuds : RHP Keith MacWhorter
|
|
Batting: SHB Rafael Santo Domingo
|
0-0: Called Strike 0-1: Ball 1-1: Ball 2-1: Ball 3-1: SINGLE (Groundball, 4S) (infield hit)
|
|
Batting: RHB George Ramos
|
0-0: Ball 1-0: Ball 2-0: Called Strike 2-1: Ball 3-1: Base on Balls Rafael Santo Domingo to second
|
|
Batting: RHB John Denman
|
0-0: Foul Ball, location: 2F 0-1: Ball 1-1: Swinging Strike 1-2: Strikes out looking
|
|
Batting: LHB Doe Boyland
|
0-0: Ball 1-0: Called Strike 1-1: Called Strike 1-2: Strikes out swinging
|
|
Batting: LHB Orlando Sanchez
|
0-0: Called Strike 0-1: Ball 1-1: Fly out, F9 (Line Drive, 9)
|
| Top of the 3rd over - 0 runs, 1 hit, 0 errors, 2 left on base; Minot 0 - Idaho Falls 0 |
| BOTTOM OF THE 3RD |
|
Idaho Falls Spuds batting - Pitching for Minot Jets : RHP Jeff Reardon
|
|
Batting: LHB Culpepper Smith
|
0-0: Ball 1-0: Ball 2-0: Fly out, F2 (Popup, 25F)
|
|
Batting: RHB James Poff
|
0-0: Ball 1-0: Foul Ball, location: 2F 1-1: Ball 2-1: Ball 3-1: Foul Ball, location: 2F 3-2: Foul Ball, location: 2F 3-2: SINGLE (Groundball, 4MD)
|
|
Batting: RHB Jeff Bertoni
|
0-0: Called Strike James Poff steals 2nd base 0-1: Ground out 5-3 (Groundball, 56)
|
|
Batting: RHB Venson Davis
|
0-0: Ball 1-0: Called Strike 1-1: Foul Ball, location: 2F 1-2: SINGLE (Groundball, 4MD) James Poff to third Runner from 3rd tries for Home, SAFE, no throw by CF
|
|
Batting: LHB Elijah Bonaparte
|
0-0: Foul Ball, location: 2F 0-1: Foul Ball, location: 2F 0-2: Foul Ball, location: 2F 0-2: Ball 1-2: Ball 2-2: Ball 3-2: Foul Ball, location: 2F 3-2: Strikes out looking
|
| Bottom of the 3rd over - 1 run, 2 hits, 0 errors, 1 left on base; Minot 0 - Idaho Falls 1 |
| TOP OF THE 4TH |
|
Minot Jets batting - Pitching for Idaho Falls Spuds : RHP Keith MacWhorter
|
|
Batting: SHB George D Wright
|
0-0: Ball 1-0: Called Strike 1-1: Ball 2-1: Ground out U3 (Groundball, 3L)
|
|
Batting: LHB William Gifford
|
0-0: Ball 1-0: Ball 2-0: Ball 3-0: Called Strike 3-1: Fly out, F7 (Line Drive, 7)
|
|
Batting: RHB George Gross
|
0-0: Ground out 4-3 (Groundball, 34)
|
| Top of the 4th over - 0 runs, 0 hits, 0 errors, 0 left on base; Minot 0 - Idaho Falls 1 |
| BOTTOM OF THE 4TH |
|
Idaho Falls Spuds batting - Pitching for Minot Jets : RHP Jeff Reardon
|
|
Batting: LHB Joe DeSa
|
0-0: Ball 1-0: Ball 2-0: Called Strike 2-1: Ball 3-1: Fly out, F8 (Flyball, 8LS)
|
|
Batting: SHB Justin Cote
|
0-0: Ball 1-0: SINGLE (Groundball, 34D)
|
|
Batting: RHB Mike Bishop
|
0-0: Ball 1-0: Ground out 4-3 (Groundball, 34) Justin Cote to second
|
|
Batting: LHB Gary Bishop
|
0-0: Foul Ball, location: 2F 0-1: Ball 1-1: Ball 2-1: Ball 3-1: Called Strike 3-2: Fly out, F8 (Flyball, 8LD)
|
| Bottom of the 4th over - 0 runs, 1 hit, 0 errors, 1 left on base; Minot 0 - Idaho Falls 1 |
| TOP OF THE 5TH |
|
Minot Jets batting - Pitching for Idaho Falls Spuds : RHP Keith MacWhorter
|
|
Batting: LHB Gerald Linnert
|
0-0: Swinging Strike 0-1: Ball 1-1: Ground out 3-1 (Groundball, 34S)
|
|
Batting: SHB Rafael Santo Domingo
|
0-0: Ball 1-0: Ball 2-0: Called Strike 2-1: SINGLE (Line Drive, 8LS)
|
|
Batting: RHB George Ramos
|
0-0: Called Strike 0-1: Ball 1-1: Grounds into double play, 5-4-3 (Groundball, 56)
|
| Top of the 5th over - 0 runs, 1 hit, 0 errors, 0 left on base; Minot 0 - Idaho Falls 1 |
| BOTTOM OF THE 5TH |
|
Idaho Falls Spuds batting - Pitching for Minot Jets : RHP Jeff Reardon
|
|
Batting: LHB Culpepper Smith
|
0-0: Ball 1-0: Ball 2-0: Called Strike 2-1: Foul Ball, location: 2F 2-2: Foul Ball, location: 2F 2-2: Foul Ball, location: 2F 2-2: Foul Ball, location: 2F 2-2: Strikes out swinging
|
|
Batting: RHB James Poff
|
0-0: Ball 1-0: Ball 2-0: Ball 3-0: Base on Balls
|
|
Batting: RHB Jeff Bertoni
|
0-0: Foul Ball, location: 2F 0-1: Ball 1-1: SINGLE (Flyball, 9LS) James Poff to second Runner from 2nd tries for 3rd, SAFE, no throw by RF
|
|
Batting: RHB Venson Davis
|
0-0: Ball 1-0: 3-RUN HOME RUN (Flyball, 7D), Distance : 361 ft
|
|
Batting: LHB Elijah Bonaparte
|
0-0: Ball 1-0: Foul Ball, location: 2F 1-1: Ball 2-1: Ground out U3 (Groundball, 3)
|
|
Batting: LHB Joe DeSa
|
0-0: Foul Ball, location: 2F 0-1: Ground out 1-3 (Groundball, 23)
|
| Bottom of the 5th over - 3 runs, 2 hits, 0 errors, 0 left on base; Minot 0 - Idaho Falls 4 |
| TOP OF THE 6TH |
|
Minot Jets batting - Pitching for Idaho Falls Spuds : RHP Keith MacWhorter
|
|
Batting: RHB John Denman
|
0-0: Foul Ball, location: 2F 0-1: Called Strike 0-2: Ball 1-2: Ball 2-2: Foul Ball, location: 2F 2-2: Ball 3-2: Base on Balls
|
|
Batting: LHB Doe Boyland
|
0-0: Swinging Strike 0-1: SINGLE (Groundball, 34D) John Denman to second Runner from 2nd tries for 3rd, OUT! 9-5
|
|
Batting: LHB Orlando Sanchez
|
0-0: Ball 1-0: Swinging Strike 1-1: Fly out, F7 (Flyball, 78S)
|
|
Batting: SHB George D Wright
|
0-0: Ball Doe Boyland is caught stealing 2nd base 2-6
|
| Top of the 6th over - 0 runs, 1 hit, 0 errors, 0 left on base; Minot 0 - Idaho Falls 4 |
| BOTTOM OF THE 6TH |
|
Idaho Falls Spuds batting - Pitching for Minot Jets : RHP Jeff Reardon
|
|
Batting: SHB Justin Cote
|
0-0: Ball 1-0: Ball 2-0: Ball 3-0: Called Strike 3-1: Foul Ball, location: 2F 3-2: Base on Balls
|
|
Batting: RHB Mike Bishop
|
0-0: Swinging Strike 0-1: Ball 1-1: Ball 2-1: Foul Ball, location: 2F 2-2: Foul Ball, location: 2F 2-2: Ball 3-2: Foul Ball, location: 2F 3-2: Base on Balls Justin Cote to second
|
|
Batting: LHB Gary Bishop
|
0-0: Ball 1-0: Called Strike 1-1: Foul Ball, location: 2F 1-2: Ball 2-2: Strikes out swinging
|
|
Batting: LHB Culpepper Smith
|
0-0: Ball 1-0: Ball 2-0: Ball 3-0: Called Strike 3-1: Foul Ball, location: 2F 3-2: Ground out U3 (Groundball, 3S) Justin Cote to third Mike Bishop to second
|
|
Batting: RHB James Poff
|
0-0: Called Strike 0-1: Swinging Strike 0-2: Foul Ball, location: 2F 0-2: Ground out 4-3 (Groundball, 34)
|
| Bottom of the 6th over - 0 runs, 0 hits, 0 errors, 2 left on base; Minot 0 - Idaho Falls 4 |
| TOP OF THE 7TH |
|
Minot Jets batting - Pitching for Idaho Falls Spuds : RHP Keith MacWhorter
|
|
Batting: SHB George D Wright
|
0-0: Called Strike 0-1: Foul Ball, location: 2F 0-2: Foul Ball, location: 2F 0-2: Ball 1-2: Ground out 6-3 (Groundball, 6M)
|
|
Batting: LHB William Gifford
|
0-0: Ground out 5-3 (Groundball, 56)
|
|
Batting: RHB George Gross
|
0-0: SINGLE (Line Drive, 9S)
|
|
Batting: LHB Gerald Linnert
|
0-0: Called Strike 0-1: Ball 1-1: Ball 2-1: SINGLE (Flyball, 7S) George Gross to second
|
|
Batting: SHB Rafael Santo Domingo
|
0-0: Swinging Strike 0-1: Ground out 4-3 (Groundball, 4)
|
| Top of the 7th over - 0 runs, 2 hits, 0 errors, 2 left on base; Minot 0 - Idaho Falls 4 |
| BOTTOM OF THE 7TH |
|
Idaho Falls Spuds batting - Pitching for Minot Jets : RHP Jeff Reardon
|
|
Batting: RHB Jeff Bertoni
|
0-0: Ball 1-0: Foul Ball, location: 2F 1-1: Ball 2-1: Ball 3-1: Ground out 4-3 (Groundball, 4)
|
|
Batting: RHB Venson Davis
|
0-0: Fly out, F6 (Popup, P)
|
|
Batting: LHB Elijah Bonaparte
|
0-0: Ground out 5-3 (Groundball, 56)
|
| Bottom of the 7th over - 0 runs, 0 hits, 0 errors, 0 left on base; Minot 0 - Idaho Falls 4 |
| TOP OF THE 8TH |
|
Minot Jets batting - Pitching for Idaho Falls Spuds : RHP Keith MacWhorter
|
|
Batting: RHB George Ramos
|
0-0: Ball 1-0: Ball 2-0: Called Strike 2-1: Ball 3-1: Ground out 6-3 (Groundball, 6)
|
|
Batting: RHB John Denman
|
0-0: Ball 1-0: SINGLE (Line Drive, 34D)
|
|
Batting: LHB Doe Boyland
|
0-0: Called Strike 0-1: DOUBLE (Flyball, 8LXD) John Denman to third
|
|
Batting: LHB Orlando Sanchez
|
0-0: Ball 1-0: Ball 2-0: Ground out 4-3 (Groundball, 4M) John Denman scores Doe Boyland to third
|
|
Pitching: LHP David Palmer
|
|
|
Batting: SHB George D Wright
|
0-0: Called Strike 0-1: Fly out, F3 (Popup, 3L)
|
| Top of the 8th over - 1 run, 2 hits, 0 errors, 1 left on base; Minot 1 - Idaho Falls 4 |
| BOTTOM OF THE 8TH |
|
Idaho Falls Spuds batting - Pitching for Minot Jets : RHP Jeff Reardon
|
|
Batting: LHB Joe DeSa
|
0-0: Ball 1-0: Ball 2-0: Ball 3-0: Called Strike 3-1: Foul Ball, location: 2F 3-2: Ground out 4-3 (Groundball, 4)
|
|
Batting: SHB Justin Cote
|
0-0: Called Strike 0-1: Called Strike 0-2: Strikes out swinging
|
|
Batting: RHB Mike Bishop
|
0-0: Ball 1-0: Called Strike 1-1: Ball 2-1: Fly out, F8 (Line Drive, 8LM)
|
| Bottom of the 8th over - 0 runs, 0 hits, 0 errors, 0 left on base; Minot 1 - Idaho Falls 4 |
| TOP OF THE 9TH |
|
Minot Jets batting - Pitching for Idaho Falls Spuds : LHP David Palmer
|
|
Batting: LHB William Gifford
|
0-0: Swinging Strike 0-1: Ball 1-1: Ball 2-1: Ball 3-1: Foul Ball, location: 2F 3-2: Foul Ball, location: 2F 3-2: SINGLE (Groundball, 6D)
|
|
Pitching: RHP Alex Ramirez
|
|
|
Batting: RHB George Gross
|
0-0: Hit by Pitch William Gifford to second
|
|
Batting: LHB Gerald Linnert
|
0-0: Ball 1-0: Ball 2-0: Ball Passed Ball! William Gifford to third George Gross to second 3-0: Called Strike 3-1: Base on Balls
|
|
Batting: SHB Rafael Santo Domingo
|
0-0: Foul Ball, location: 2F 0-1: Ball 1-1: Ball 2-1: Called Strike 2-2: SINGLE (Groundball, 6D) William Gifford scores George Gross to third Gerald Linnert to second
|
|
Batting: RHB George Ramos
|
0-0: Ball 1-0: Ball 2-0: Ball 3-0: Base on Balls George Gross scores Gerald Linnert to third Rafael Santo Domingo to second
|
|
Batting: RHB John Denman
|
0-0: Called Strike 0-1: Ball 1-1: Foul Ball, location: 2F 1-2: Strikes out swinging
|
|
Batting: LHB Doe Boyland
|
0-0: Called Strike 0-1: Called Strike 0-2: Foul Ball, location: 2F 0-2: DOUBLE (Flyball, 89D) Gerald Linnert scores Rafael Santo Domingo scores George Ramos to third
|
|
Pitching: LHP Joe McDonald
|
|
|
Batting: LHB Orlando Sanchez
|
0-0: Called Strike 0-1: Ball 1-1: Ball 2-1: Fly out, F8 (Line Drive, 8RM)
|
|
Batting: SHB George D Wright
|
0-0: Ball 1-0: Called Strike 1-1: Called Strike 1-2: Strikes out swinging, 2-3 out at first.
|
| Top of the 9th over - 4 runs, 3 hits, 0 errors, 2 left on base; Minot 5 - Idaho Falls 4 |
| BOTTOM OF THE 9TH |
|
Idaho Falls Spuds batting - Pitching for Minot Jets : RHP Jeff Reardon
|
|
Pitching: RHP Robert Henderson
|
|
|
Now in LF: Steven Oliva
|
|
|
Now in CF: James Britt
|
|
|
Batting: LHB Gary Bishop
|
0-0: Swinging Strike 0-1: Ball 1-1: Swinging Strike 1-2: Ball 2-2: Foul Ball, location: 2F 2-2: Ball 3-2: Strikes out swinging, 2-3 out at first.
|
|
Pinch Hitting: LHB Kevin Knuth
|
0-0: Swinging Strike 0-1: Ball 1-1: Called Strike 1-2: SINGLE (Groundball, 34D)
|
|
Pinch Hitting: LHB Roger LaFrancois
|
0-0: Called Strike 0-1: Ball 1-1: Fly out, F9 (Line Drive, 9D)
|
|
Batting: RHB Jeff Bertoni
|
0-0: Ball 1-0: Called Strike 1-1: Ball 2-1: Reached on error, E5 (Groundball, 56S) Kevin Knuth to second
|
|
Batting: RHB Venson Davis
|
0-0: Swinging Strike 0-1: Ground out 4-3 (Groundball, 4S)
|
| Bottom of the 9th over - 0 runs, 1 hit, 1 error, 2 left on base; Minot 5 - Idaho Falls 4 |
|